Scraper vs Wiprows
Created - 10 février 2015 at 19:02
Goals
|
Scraper |
1 |
3 |
2 |
6 |
Wiprows |
0 |
0 |
3 |
3 |
|
Shots
|
Scraper |
15 |
8 |
10 |
33 |
Wiprows |
14 |
6 |
7 |
27 |
|
1st period
1. Scraper , Riley Armstrong 16 (Denis Shvidki, Brendan Smith) at 12:34
Penalties :
Eric Knodel (Out) for Boarding (Minor) at 8:20
2nd period
2. Scraper , Ben Eager 23 (Derek Joslin) at 2:24 (SH)
3. Scraper , Riley Armstrong 17 (Denis Shvidki) at 3:38 (PP)
4. Scraper , Reilly Smith 5 (Ryan O'Reilly, Ilkka Heikkinen) at 8:11
Penalties :
Rick Schofield (Out) for Hooking (Minor) at 0:41, Arturs Kulda (Win) for Tripping (Minor) at 3:30, Rick Schofield (Out) for Tripping (Minor) at 4:34, Linden Vey (Win) for High sticking (Minor) at 13:01, Rick Schofield (Out) for Cross-checking (Minor) at 16:39, Arturs Kulda (Win) for Holding (Minor) at 19:20
3rd period
5. Wiprows , T.J. Oshie 32 (Nazem Kadri) at 4:58
6. Scraper , Rick Schofield 9 (Derek Joslin) at 7:53
7. Wiprows , Nick Bonino 28 (Thomas Hickey, Matt Donovan) at 11:01
8. Scraper , Eric Godard 22 (Daniel Winnik, Derek Joslin) at 16:48
9. Wiprows , Matt Taormina 6 (T.J. Oshie) at 19:06 (PP)
Penalties :
Jesse Winchester (Win) for Fighting (Major) at 4:50, Eric Gryba (Out) for Fighting (Major) at 4:50, T.J. Oshie (Win) for Fighting (Major) at 9:56, Eric Godard (Out) for Fighting (Major) at 9:56, Marcus Foligno (Out) for Tripping (Minor) at 18:57
Goalie Stats
Maxime Ouellet (Out), 24 saves from 27 shots - (0,889), W, 11-7-2, 60:00 minutes
Braden Holtby (Win), 24 saves from 29 shots - (0,828), L, 14-19-2, 47:53 minutes
Thomas McCollum (Win), 3 saves from 4 shots - (0,750), 12:07 minutes
Players Stats for Scraper
Player Name G A P +/- PIM S H SB GA TA FO MP PP MP PK MP
------------------------------------------------------------------------------------
Ben Eager 1 0 1 1 0 1 0 1 0 0 3/5 19:03 2:05 1:08
Brayden Schenn 0 0 0 0 0 0 0 0 0 0 3/3 11:08 0:00 0:10
Brendan Smith 0 1 1 1 0 3 3 0 3 1 0/0 25:51 2:00 4:44
Cameron Gaunce 0 0 0 0 0 0 0 0 0 1 0/0 8:32 0:00 0:00
Daniel Winnik 0 1 1 2 0 1 1 1 0 0 0/0 15:02 1:58 0:00
Denis Shvidki 0 2 2 0 0 8 1 0 0 0 5/9 22:32 2:08 4:28
Derek Joslin 0 3 3 1 0 1 1 2 0 0 0/0 25:51 2:00 4:44
Eric Godard 1 0 1 2 5 3 4 0 0 0 1/2 18:16 1:58 4:23
Eric Gryba 0 0 0 1 5 0 0 4 0 0 0/0 17:37 2:06 3:21
Eric Knodel 0 0 0 0 2 0 1 0 0 0 0/0 6:01 0:00 0:00
Evander Kane 0 0 0 0 0 2 0 1 0 0 0/0 11:38 0:03 0:00
Ilkka Heikkinen 0 1 1 2 0 1 1 1 0 0 0/0 19:39 2:06 3:21
Jared Cowen 0 0 0 1 0 0 0 1 0 0 0/0 10:33 0:00 0:00
Jerome Samson 0 0 0 0 0 0 0 0 0 0 0/0 0:00 0:00 0:00
Joe Finley 0 0 0 0 0 0 0 0 0 0 0/0 5:58 0:00 0:00
Marcus Foligno 0 0 0 0 2 1 1 1 0 0 0/0 7:57 0:00 0:00
Reilly Smith 1 0 1 1 0 1 0 0 0 0 0/0 9:42 0:00 1:29
Rick Schofield 1 0 1 2 6 1 0 0 0 0 4/7 15:16 1:58 0:00
Riley Armstrong 2 0 2 0 0 7 2 1 1 0 12/27 20:18 2:08 2:16
Riley Nash 0 0 0 0 0 0 0 0 0 0 0/0 0:00 0:00 0:00
Roman Horak 0 0 0 0 0 0 0 0 0 0 0/0 0:00 0:00 0:00
Ryan O'Reilly 0 1 1 0 0 1 0 0 0 0 0/1 7:58 0:00 0:00
Valeri Bure 0 0 0 0 0 2 3 1 0 0 0/0 12:56 0:00 2:16
Players Stats for Wiprows
Player Name G A P +/- PIM S H SB GA TA FO MP PP MP PK MP
------------------------------------------------------------------------------------
Alec Martinez 0 0 0 -1 0 0 2 1 0 0 0/0 19:48 0:00 3:01
Arturs Kulda 0 0 0 -1 4 2 2 0 0 0 0/0 18:04 0:00 1:18
Brandon Bollig 0 0 0 -1 0 0 1 0 0 0 0/0 11:42 0:25 2:14
Derek Grant 0 0 0 0 0 0 0 0 0 0 0/0 0:00 0:00 0:00
Drayson Bowman 0 0 0 -3 0 1 1 1 0 0 0/0 21:41 3:36 0:14
Jesse Winchester 0 0 0 0 5 2 0 0 0 0 1/4 16:05 0:45 2:14
Jiri Tlusty 0 0 0 0 0 0 0 0 0 0 0/0 0:48 0:00 0:00
Jonathan Tremblay 0 0 0 -1 0 2 2 0 0 1 0/0 10:03 0:00 1:38
Jordan Szwarz 0 0 0 -1 0 0 1 0 0 0 0/0 12:54 0:49 0:00
Kevin Connauton 0 0 0 -2 0 1 1 1 0 0 0/0 18:05 3:33 0:24
Linden Vey 0 0 0 -2 2 0 5 0 0 0 0/0 15:09 2:45 0:00
Matt Beleskey 0 0 0 0 0 1 0 0 0 0 0/0 14:31 2:23 0:00
Matt Donovan 0 1 1 0 0 1 2 0 1 0 0/0 23:43 4:32 2:24
Matt Taormina 1 0 1 0 0 2 1 1 0 1 0/0 22:07 4:32 0:41
Maxime Macenauer 0 0 0 0 0 0 1 0 0 0 3/4 11:25 0:00 0:00
Nazem Kadri 0 1 1 1 0 5 1 0 0 1 19/38 21:16 4:35 0:14
Nick Bonino 1 0 1 -3 0 3 1 0 0 0 3/8 18:44 4:26 1:38
T.J. Oshie 1 1 2 1 5 6 2 0 0 1 0/0 21:32 4:31 0:00
Thomas Hickey 0 1 1 -2 0 1 1 0 1 0 0/0 18:12 3:33 0:24
3 Stars
1 - Riley Armstrong (Out)
2 - Derek Joslin (Out)
3 - Ben Eager (Out)
Power Play
Scraper - 1 on 3 Attempt(s) - 33,33%
Wiprows - 1 on 5 Attempt(s) - 20,00%
Penalty Kill
Scraper - 4 on 5 Attempt(s) - 80,00%
- Score 1 goal in Penalty Kill
Wiprows - 2 on 3 Attempt(s) - 66,67%
- Score 0 goal in Penalty Kill
Team Stat
Scraper - Hits : 18 - Faceoff Wins : 28 - Blocked Shots : 14 - Penalty Minutes : 20
Wiprows - Hits : 24 - Faceoff Wins : 26 - Blocked Shots : 4 - Penalty Minutes : 16
Official
Referees : Hasenfratz Mike and Jackson Dave
Linesman : Pierre Champoux and Scott Driscoll
Game Notes
Jiri Tlusty is injured at 3:09 of 1st period (Sore Right Knee)
12:34 of 1st period - Scraper goal is going for a video replay. After video review, Goal.
Eric Gryba beats up Jesse Winchester at 4:50 of 3rd period
Thomas McCollum enters game at 7:53 of 3rd period
Eric Godard beats up T.J. Oshie at 9:56 of 3rd period
Finance
Level 1 -- Attendance: 1511 (75,55%) -- Ticket Income 42 308 $
Level 2 -- Attendance: 764 (76,40%) -- Ticket Income 12 224 $
Total Attendance: 2275 (75,83%)
Total Ticket Income: 54 532 $
Other Income: 2 727 $
Total Income: 57 259 $
Scraper
5 vs 5 Forward
Center Left Wing Right Wing Time % Phy DF OF
1 Riley Armstrong Ben Eager Denis Shvidki 40 1 2 2
2 Rick Schofield Daniel Winnik Eric Godard 30 1 2 2
3 Brayden Schenn Evander Kane Valeri Bure 20 1 2 2
4 Ryan O'Reilly Marcus Foligno Reilly Smith 10 1 2 2
5 vs 5 Defense
Defense Defense Time % Phy DF OF
1 Brendan Smith Derek Joslin 40 1 2 2
2 Ilkka Heikkinen Eric Gryba 30 1 2 2
3 Jared Cowen Cameron Gaunce 20 1 2 2
4 Joe Finley Eric Knodel 10 1 2 2
PowerPlay Forward
Center Left Wing Right Wing Time % Phy DF OF
1 Riley Armstrong Ben Eager Denis Shvidki 60 1 2 2
2 Rick Schofield Daniel Winnik Eric Godard 40 1 2 2
PowerPlay Defense
Defense Defense Time % Phy DF OF
1 Brendan Smith Derek Joslin 60 1 2 2
2 Ilkka Heikkinen Eric Gryba 40 1 2 2
Penalty Kill 4 Players Forward
Center Wing Time % Phy DF OF
1 Denis Shvidki Eric Godard 60 1 2 2
2 Riley Armstrong Valeri Bure 40 1 2 2
Penalty Kill 4 Players Defense
Defense Defense Time % Phy DF OF
1 Brendan Smith Derek Joslin 60 1 2 2
2 Ilkka Heikkinen Eric Gryba 40 1 2 2
Penalty Kill - 3 Players Forward
Forward Time % Phy DF OF
1 Denis Shvidki 60 1 2 2
2 Eric Godard 40 1 2 2
Penalty Kill - 3 Players Defense
Defense Defense Time % Phy DF OF
1 Brendan Smith Derek Joslin 60 1 2 2
2 Ilkka Heikkinen Eric Gryba 40 1 2 2
4 vs 4 Forward
Center Wing Time % Phy DF OF
1 Denis Shvidki Eric Godard 60 1 2 2
2 Riley Armstrong Valeri Bure 40 1 2 2
4 vs 4 Defense
Defense Defense Time % Phy DF OF
1 Brendan Smith Derek Joslin 60 1 2 2
2 Ilkka Heikkinen Eric Gryba 40 1 2 2
Last Minutes Offensive
Center Left Wing Right Wing Defense Defense
Riley Armstrong Ben Eager Denis Shvidki Brendan Smith Derek Joslin
Last Minutes Defensive
Center Left Wing Right Wing Defense Defense
Riley Armstrong Ben Eager Denis Shvidki Brendan Smith Derek Joslin
Goaltenders
Starting : Maxime Ouellet
Backup : Peter Mannino
Extra Forwards
Normal : Evander Kane, Brayden Schenn, Reilly Smith - PP : Evander Kane, Brayden Schenn - PK : Reilly Smith
Extra Defensemen
Normal : Jared Cowen, Cameron Gaunce, Joe Finley - PP : Jared Cowen - PK : Cameron Gaunce, Joe Finley
Penalty Shots
Denis Shvidki, Eric Godard, Riley Armstrong, Valeri Bure, Ben Eager
Wiprows
5 vs 5 Forward
Center Left Wing Right Wing Time % Phy DF OF
1 Nazem Kadri Drayson Bowman T.J. Oshie 38 0 0 5
2 Nick Bonino Jiri Tlusty Linden Vey 30 1 1 3
3 Jesse Winchester Brandon Bollig Jonathan Tremblay 20 1 2 2
4 Maxime Macenauer Matt Beleskey Jordan Szwarz 12 2 1 2
5 vs 5 Defense
Defense Defense Time % Phy DF OF
1 Matt Taormina Matt Donovan 37 1 1 3
2 Alec Martinez Arturs Kulda 35 2 2 1
3 Thomas Hickey Kevin Connauton 26 1 2 2
4 Matt Donovan Matt Taormina 2 1 1 3
PowerPlay Forward
Center Left Wing Right Wing Time % Phy DF OF
1 Nazem Kadri Jiri Tlusty T.J. Oshie 55 0 0 5
2 Nick Bonino Drayson Bowman Linden Vey 45 0 0 5
PowerPlay Defense
Defense Defense Time % Phy DF OF
1 Matt Taormina Matt Donovan 55 0 1 4
2 Thomas Hickey Kevin Connauton 45 0 1 4
Penalty Kill 4 Players Forward
Center Wing Time % Phy DF OF
1 Jesse Winchester Brandon Bollig 53 0 5 0
2 Nick Bonino Jonathan Tremblay 47 0 5 0
Penalty Kill 4 Players Defense
Defense Defense Time % Phy DF OF
1 Arturs Kulda Alec Martinez 53 0 5 0
2 Matt Donovan Matt Taormina 47 0 5 0
Penalty Kill - 3 Players Forward
Forward Time % Phy DF OF
1 Nazem Kadri 55 0 5 0
2 Jesse Winchester 45 0 5 0
Penalty Kill - 3 Players Defense
Defense Defense Time % Phy DF OF
1 Arturs Kulda Alec Martinez 60 0 5 0
2 Matt Donovan Matt Taormina 40 0 5 0
4 vs 4 Forward
Center Wing Time % Phy DF OF
1 Nazem Kadri T.J. Oshie 54 1 2 2
2 Nick Bonino Jiri Tlusty 46 1 2 2
4 vs 4 Defense
Defense Defense Time % Phy DF OF
1 Matt Taormina Alec Martinez 60 1 2 2
2 Matt Donovan Arturs Kulda 40 1 2 2
Last Minutes Offensive
Center Left Wing Right Wing Defense Defense
Nazem Kadri Nick Bonino Jiri Tlusty Thomas Hickey Matt Taormina
Last Minutes Defensive
Center Left Wing Right Wing Defense Defense
Jesse Winchester Brandon Bollig Jonathan Tremblay Alec Martinez Arturs Kulda
Goaltenders
Starting : Braden Holtby
Backup : Thomas McCollum
Extra Forwards
Normal : Jesse Winchester, Nick Bonino, T.J. Oshie - PP : Nick Bonino, T.J. Oshie - PK : Jonathan Tremblay
Extra Defensemen
Normal : Matt Taormina, Alec Martinez, Thomas Hickey - PP : Thomas Hickey - PK : Arturs Kulda, Matt Donovan
Penalty Shots
Jiri Tlusty, T.J. Oshie, Jesse Winchester, Brandon Bollig, Nick Bonino
% Time on Ice - Scraper
Lines # - Real PCT - Wanted PCT - Time Play
Normal Forward
1 - 34% - 40% - 16:07
2 - 27% - 30% - 13:08
3 - 22% - 20% - 10:36
4 - 17% - 10% - 7:58
Normal Defense
1 - 40% - 40% - 19:07
2 - 30% - 30% - 14:12
3 - 18% - 20% - 8:32
4 - 12% - 10% - 5:58
PP Forward
1 - 52% - 60% - 2:08
2 - 48% - 40% - 1:58
PP Defense
1 - 49% - 60% - 2:00
2 - 51% - 40% - 2:06
PK Forward
1 - 72% - 60% - 5:49
2 - 28% - 40% - 2:16
PK Defense
1 - 59% - 60% - 4:44
2 - 41% - 40% - 3:21
PK3 Forward
1 - 0% - 60%
2 - 0% - 40%
PK3 Defense
1 - 0% - 60%
2 - 0% - 40%
44 Forward
1 - 0% - 60%
2 - 0% - 40%
44 Defense
1 - 0% - 60%
2 - 0% - 40%
Last Minute Offensive - 0:00
Last Minute Defensive - 0:00
Total
Forward - 60:00
Defense - 60:00
|
% Time on Ice - Wiprows
Lines # - Real PCT - Wanted PCT - Time Play
Normal Forward
1 - 33% - 38% - 15:37
2 - 26% - 30% - 12:22
3 - 18% - 20% - 8:25
4 - 24% - 12% - 11:25
Normal Defense
1 - 37% - 37% - 17:48
2 - 36% - 35% - 17:13
3 - 27% - 26% - 12:48
4 - 0% - 2% - 0:00
PP Forward
1 - 66% - 55% - 5:20
2 - 34% - 45% - 2:45
PP Defense
1 - 56% - 55% - 4:32
2 - 44% - 45% - 3:33
PK Forward
1 - 60% - 53% - 2:28
2 - 40% - 47% - 1:38
PK Defense
1 - 83% - 53% - 3:25
2 - 17% - 47% - 0:41
PK3 Forward
1 - 0% - 55%
2 - 0% - 45%
PK3 Defense
1 - 0% - 60%
2 - 0% - 40%
44 Forward
1 - 0% - 54%
2 - 0% - 46%
44 Defense
1 - 0% - 60%
2 - 0% - 40%
Last Minute Offensive - 0:00
Last Minute Defensive - 0:00
Total
Forward - 60:00
Defense - 60:00
|
Play by Play
1st period
0:01 of 1st period - Nazem Kadri wins face-off versus Riley Armstrong in neutral zone.
0:04 of 1st period - Riley Armstrong is hit by T.J. Oshie and loses puck.
0:13 of 1st period - Slapshot by T.J. Oshie.
0:13 of 1st period - Shot Blocked by Riley Armstrong.
0:15 of 1st period - Slapshot by Matt Donovan.
0:15 of 1st period - Stopped by Maxime Ouellet with a rebound.
0:32 of 1st period - Derek Joslin is hit by Alec Martinez and loses puck.
0:53 of 1st period - Snap shot by Valeri Bure.
0:53 of 1st period - Shot Misses the Net.
0:55 of 1st period - Snap shot by Brayden Schenn.
0:55 of 1st period - Shot Misses the Net.
3:08 of 1st period - Jiri Tlusty is hit by Daniel Winnik and loses puck.
3:09 of 1st period - Jiri Tlusty from Wiprows is injured at 3:09 of 1st period (Sore Right Knee).
3:10 of 1st period - Nazem Kadri wins face-off versus Rick Schofield in Wiprows zone.
3:15 of 1st period - Wrist shot by Nazem Kadri.
3:15 of 1st period - Deflect By Drayson Bowman.
3:15 of 1st period - Shot Misses the Net.
3:15 of 1st period - Puck is out of play.
3:16 of 1st period - Rick Schofield wins face-off versus Nazem Kadri in Scraper zone.
3:27 of 1st period - Snap shot by Eric Godard.
3:27 of 1st period - Shot Misses the Net.
3:29 of 1st period - Wrist shot by Ilkka Heikkinen.
3:29 of 1st period - Stopped by Braden Holtby without a rebound.
3:30 of 1st period - Nick Bonino wins face-off versus Riley Armstrong in Wiprows zone.
3:30 of 1st period - Nick Bonino is hit by Riley Armstrong.
4:05 of 1st period - Slapshot by Nazem Kadri.
4:05 of 1st period - Stopped by Maxime Ouellet with a rebound.
4:19 of 1st period - Snap shot by Daniel Winnik.
4:19 of 1st period - Stopped by Braden Holtby with a rebound.
4:21 of 1st period - Slapshot by Derek Joslin.
4:21 of 1st period - Stopped by Braden Holtby without a rebound.
4:22 of 1st period - Riley Armstrong wins face-off versus Maxime Macenauer in Wiprows zone.
4:47 of 1st period - Eric Gryba is hit by Kevin Connauton and loses puck.
5:27 of 1st period - Slapshot by Jesse Winchester.
5:27 of 1st period - Stopped by Maxime Ouellet with a rebound.
6:01 of 1st period - Off-side.
6:02 of 1st period - Maxime Macenauer wins face-off versus Rick Schofield in neutral zone.
7:03 of 1st period - Wrist shot by Denis Shvidki.
7:03 of 1st period - Stopped by Braden Holtby with a rebound.
7:07 of 1st period - Wrist shot by Denis Shvidki.
7:07 of 1st period - Stopped by Braden Holtby without a rebound.
7:08 of 1st period - Brayden Schenn wins face-off versus Nick Bonino in Wiprows zone.
7:09 of 1st period - Wrist shot by Evander Kane.
7:09 of 1st period - Stopped by Braden Holtby with a rebound.
7:23 of 1st period - Arturs Kulda is hit by Valeri Bure.
7:54 of 1st period - Jared Cowen is hit by Arturs Kulda and loses puck.
8:20 of 1st period - Minor Penalty to Eric Knodel for Boarding.
8:21 of 1st period - Eric Godard wins face-off versus Nazem Kadri in Scraper zone.
8:21 of 1st period - Eric Godard is hit by Nick Bonino.
9:00 of 1st period - Thomas Hickey is hit by Brendan Smith and loses puck.
9:25 of 1st period - Wrist shot by Nick Bonino.
9:25 of 1st period - Shot Misses the Net.
10:20 of 1st period - Penalty to Eric Knodel is over, Eric Knodel is back on ice.
10:27 of 1st period - Jonathan Tremblay is hit by Marcus Foligno.
10:31 of 1st period - Jared Cowen is hit by Thomas Hickey and loses puck.
12:19 of 1st period - Ryan O'Reilly is hit by Jonathan Tremblay and loses puck.
12:32 of 1st period - Slapshot by Riley Armstrong.
12:32 of 1st period - Shot Misses the Net.
12:34 of 1st period - Wrist shot by Riley Armstrong.
12:34 of 1st period - Scraper goal is going for a video replay.
12:34 of 1st period - The goal is good.
12:34 of 1st period - Goal by Riley Armstrong - Scraper : 1 - Wiprows : 0.
12:35 of 1st period - Nazem Kadri wins face-off versus Riley Armstrong in neutral zone.
12:37 of 1st period - Off-side.
12:38 of 1st period - Nazem Kadri wins face-off versus Riley Armstrong in neutral zone.
13:15 of 1st period - Wrist shot by Eric Godard.
13:15 of 1st period - Stopped by Braden Holtby with a rebound.
13:27 of 1st period - Snap shot by Matt Beleskey.
13:27 of 1st period - Stopped by Maxime Ouellet with a rebound.
13:33 of 1st period - Wrist shot by Valeri Bure.
13:33 of 1st period - Stopped by Braden Holtby with a rebound.
13:35 of 1st period - Wrist shot by Brayden Schenn.
13:35 of 1st period - Shot Blocked by Matt Taormina.
13:47 of 1st period - Slapshot by Matt Taormina.
13:47 of 1st period - Stopped by Maxime Ouellet without a rebound.
13:48 of 1st period - Nazem Kadri wins face-off versus Ryan O'Reilly in Scraper zone.
13:49 of 1st period - Snap shot by T.J. Oshie.
13:49 of 1st period - Stopped by Maxime Ouellet without a rebound.
13:50 of 1st period - Ben Eager wins face-off versus Nazem Kadri in Scraper zone.
14:01 of 1st period - Slapshot by Denis Shvidki.
14:01 of 1st period - Stopped by Braden Holtby with a rebound.
14:05 of 1st period - Snap shot by Riley Armstrong.
14:05 of 1st period - Stopped by Braden Holtby with a rebound.
14:41 of 1st period - Snap shot by Valeri Bure.
14:41 of 1st period - Deflect By Evander Kane.
14:41 of 1st period - Shot Misses the Net.
14:41 of 1st period - Puck is out of play.
14:42 of 1st period - Brayden Schenn wins face-off versus Nazem Kadri in Wiprows zone.
15:07 of 1st period - Derek Joslin is hit by Linden Vey and loses puck.
15:16 of 1st period - Snap shot by Brayden Schenn.
15:16 of 1st period - Shot Misses the Net.
16:03 of 1st period - Wrist shot by T.J. Oshie.
16:03 of 1st period - Stopped by Maxime Ouellet without a rebound.
16:04 of 1st period - Nazem Kadri wins face-off versus Denis Shvidki in Scraper zone.
16:05 of 1st period - Wrist shot by T.J. Oshie.
16:05 of 1st period - Shot Misses the Net.
16:11 of 1st period - Wrist shot by Riley Armstrong.
16:11 of 1st period - Stopped by Braden Holtby with a rebound.
16:36 of 1st period - Slapshot by Jonathan Tremblay.
16:36 of 1st period - Stopped by Maxime Ouellet with a rebound.
16:38 of 1st period - Snap shot by Jonathan Tremblay.
16:38 of 1st period - Stopped by Maxime Ouellet with a rebound.
16:53 of 1st period - Brendan Smith is hit by Matt Donovan and loses puck.
17:08 of 1st period - Wrist shot by Riley Armstrong.
17:08 of 1st period - Stopped by Braden Holtby without a rebound.
17:09 of 1st period - Maxime Macenauer wins face-off versus Ben Eager in Wiprows zone.
17:31 of 1st period - Icing by Thomas Hickey.
17:32 of 1st period - Maxime Macenauer wins face-off versus Rick Schofield in Wiprows zone.
17:41 of 1st period - Wrist shot by T.J. Oshie.
17:41 of 1st period - Stopped by Maxime Ouellet with a rebound.
18:02 of 1st period - Wrist shot by Denis Shvidki.
18:02 of 1st period - Shot Misses the Net.
18:46 of 1st period - Snap shot by Evander Kane.
18:46 of 1st period - Shot Misses the Net.
18:48 of 1st period - Slapshot by Valeri Bure.
18:48 of 1st period - Stopped by Braden Holtby with a rebound.
18:50 of 1st period - Slapshot by Brendan Smith.
18:50 of 1st period - Stopped by Braden Holtby without a rebound.
18:51 of 1st period - Nazem Kadri wins face-off versus Riley Armstrong in Wiprows zone.
18:56 of 1st period - Snap shot by Nazem Kadri.
18:56 of 1st period - Deflect By Denis Shvidki.
18:56 of 1st period - Stopped by Maxime Ouellet with a rebound.
18:58 of 1st period - Snap shot by Nazem Kadri.
18:58 of 1st period - Stopped by Maxime Ouellet with a rebound.
19:00 of 1st period - Snap shot by Drayson Bowman.
19:00 of 1st period - Stopped by Maxime Ouellet with a rebound.
19:02 of 1st period - Slapshot by Arturs Kulda.
19:02 of 1st period - Stopped by Maxime Ouellet with a rebound.
19:04 of 1st period - Wrist shot by T.J. Oshie.
19:04 of 1st period - Deflect By Nazem Kadri.
19:04 of 1st period - Shot Misses the Net.
19:04 of 1st period - Puck is out of play.
19:05 of 1st period - Rick Schofield wins face-off versus Nick Bonino in Scraper zone.
19:14 of 1st period - Nick Bonino is hit by Eric Godard.
19:25 of 1st period - Icing by Riley Armstrong.
19:26 of 1st period - Riley Armstrong wins face-off versus Nazem Kadri in Scraper zone.
Goals for this period are 1 for Scraper vs 0 for Wiprows.
Shots for this period are 15 for Scraper vs 14 for Wiprows.
2nd period
0:01 of 2nd period - Riley Armstrong wins face-off versus Nazem Kadri in neutral zone.
0:10 of 2nd period - Wrist shot by Drayson Bowman.
0:10 of 2nd period - Shot Blocked by Ben Eager.
0:26 of 2nd period - Linden Vey is hit by Eric Godard and loses puck.
0:35 of 2nd period - Wrist shot by Arturs Kulda.
0:35 of 2nd period - Shot Misses the Net.
0:41 of 2nd period - Minor Penalty to Rick Schofield for Hooking.
0:42 of 2nd period - Nazem Kadri wins face-off versus Denis Shvidki in Scraper zone.
0:47 of 2nd period - Wrist shot by T.J. Oshie.
0:47 of 2nd period - Stopped by Maxime Ouellet with a rebound.
0:49 of 2nd period - Slapshot by Matt Taormina.
0:49 of 2nd period - Shot Blocked by Ilkka Heikkinen.
0:53 of 2nd period - Snap shot by Nick Bonino.
0:53 of 2nd period - Deflect By Eric Godard.
0:53 of 2nd period - Shot Hit the Post.
0:53 of 2nd period - Puck is out of play.
0:54 of 2nd period - Nazem Kadri wins face-off versus Denis Shvidki in Scraper zone.
2:22 of 2nd period - Slapshot by Ben Eager.
2:22 of 2nd period - Shot Blocked by Kevin Connauton.
2:24 of 2nd period - Wrist shot by Ben Eager.
2:24 of 2nd period - Goal by Ben Eager - Scraper : 2 - Wiprows : 0.
2:25 of 2nd period - Denis Shvidki wins face-off versus Nazem Kadri in neutral zone.
2:41 of 2nd period - Penalty to Rick Schofield is over, Rick Schofield is back on ice.
3:00 of 2nd period - Slapshot by Matt Taormina.
3:00 of 2nd period - Shot Blocked by Eric Gryba.
3:02 of 2nd period - Wrist shot by Jesse Winchester.
3:02 of 2nd period - Shot Misses the Net.
3:30 of 2nd period - Minor Penalty to Arturs Kulda for Tripping.
3:31 of 2nd period - Riley Armstrong wins face-off versus Jesse Winchester in Wiprows zone.
3:38 of 2nd period - Wrist shot by Riley Armstrong.
3:38 of 2nd period - Goal by Riley Armstrong - Scraper : 3 - Wiprows : 0.
3:39 of 2nd period - Ben Eager wins face-off versus Nazem Kadri in neutral zone.
3:52 of 2nd period - Slapshot by Denis Shvidki.
3:52 of 2nd period - Deflect By Riley Armstrong.
3:52 of 2nd period - Stopped by Braden Holtby with a rebound.
3:54 of 2nd period - Slapshot by Denis Shvidki.
3:54 of 2nd period - Shot Blocked by Alec Martinez.
4:01 of 2nd period - Icing by Alec Martinez.
4:02 of 2nd period - Rick Schofield wins face-off versus Nazem Kadri in Wiprows zone.
4:34 of 2nd period - Minor Penalty to Rick Schofield for Tripping.
4:35 of 2nd period - Denis Shvidki wins face-off versus Nick Bonino in Scraper zone.
4:53 of 2nd period - Denis Shvidki is hit by Matt Donovan and loses puck.
5:04 of 2nd period - Snap shot by Denis Shvidki.
5:04 of 2nd period - Stopped by Braden Holtby with a rebound.
5:12 of 2nd period - Wrist shot by Valeri Bure.
5:12 of 2nd period - Shot Misses the Net.
6:34 of 2nd period - Penalty to Rick Schofield is over, Rick Schofield is back on ice.
7:54 of 2nd period - Rick Schofield is hit by T.J. Oshie and loses puck.
8:11 of 2nd period - Wrist shot by Reilly Smith.
8:11 of 2nd period - Goal by Reilly Smith - Scraper : 4 - Wiprows : 0.
8:12 of 2nd period - Denis Shvidki wins face-off versus Nazem Kadri in neutral zone.
8:21 of 2nd period - Snap shot by Riley Armstrong.
8:21 of 2nd period - Deflect By Denis Shvidki.
8:21 of 2nd period - Shot Misses the Net.
8:21 of 2nd period - Puck is out of play.
8:22 of 2nd period - Nazem Kadri wins face-off versus Riley Armstrong in Wiprows zone.
8:41 of 2nd period - Snap shot by T.J. Oshie.
8:41 of 2nd period - Shot Misses the Net.
9:07 of 2nd period - Backhand shot by Nazem Kadri.
9:07 of 2nd period - Stopped by Maxime Ouellet without a rebound.
9:08 of 2nd period - Nick Bonino wins face-off versus Eric Godard in Scraper zone.
9:13 of 2nd period - Snap shot by Nick Bonino.
9:13 of 2nd period - Stopped by Maxime Ouellet with a rebound.
9:23 of 2nd period - Wrist shot by Daniel Winnik.
9:23 of 2nd period - Shot Misses the Net.
9:33 of 2nd period - Matt Beleskey is hit by Valeri Bure and loses puck.
9:56 of 2nd period - Snap shot by Jonathan Tremblay.
9:56 of 2nd period - Shot Blocked by Marcus Foligno.
10:33 of 2nd period - Snap shot by T.J. Oshie.
10:33 of 2nd period - Shot Misses the Net.
10:49 of 2nd period - Matt Taormina is hit by Brendan Smith and loses puck.
11:30 of 2nd period - Snap shot by Matt Beleskey.
11:30 of 2nd period - Shot Misses the Net.
11:32 of 2nd period - Slapshot by Matt Donovan.
11:32 of 2nd period - Shot Misses the Net.
11:34 of 2nd period - Slapshot by Matt Beleskey.
11:34 of 2nd period - Shot Misses the Net.
12:04 of 2nd period - Snap shot by Ryan O'Reilly.
12:04 of 2nd period - Shot Misses the Net.
12:06 of 2nd period - Slapshot by Marcus Foligno.
12:06 of 2nd period - Stopped by Braden Holtby with a rebound.
12:24 of 2nd period - Backhand shot by Brendan Smith.
12:24 of 2nd period - Stopped by Braden Holtby with a rebound.
13:01 of 2nd period - Minor Penalty to Linden Vey for High sticking.
13:02 of 2nd period - Jesse Winchester wins face-off versus Riley Armstrong in Wiprows zone.
13:02 of 2nd period - Jesse Winchester is hit by Denis Shvidki.
13:27 of 2nd period - Arturs Kulda is hit by Eric Godard and loses puck.
14:50 of 2nd period - Drayson Bowman is hit by Brendan Smith and loses puck.
15:01 of 2nd period - Penalty to Linden Vey is over, Linden Vey is back on ice.
15:22 of 2nd period - Arturs Kulda is hit by Valeri Bure and loses puck.
15:53 of 2nd period - Off-side.
15:54 of 2nd period - Riley Armstrong wins face-off versus Nazem Kadri in neutral zone.
15:57 of 2nd period - Backhand shot by Brendan Smith.
15:57 of 2nd period - Deflect By Riley Armstrong.
15:57 of 2nd period - Stopped by Braden Holtby without a rebound.
15:58 of 2nd period - Nazem Kadri wins face-off versus Riley Armstrong in Wiprows zone.
16:27 of 2nd period - Slapshot by Matt Donovan.
16:27 of 2nd period - Shot Misses the Net.
16:39 of 2nd period - Minor Penalty to Rick Schofield for Cross-checking.
16:40 of 2nd period - Nazem Kadri wins face-off versus Denis Shvidki in Scraper zone.
16:41 of 2nd period - Snap shot by T.J. Oshie.
16:41 of 2nd period - Shot Blocked by Eric Gryba.
16:43 of 2nd period - Wrist shot by Nazem Kadri.
16:43 of 2nd period - Stopped by Maxime Ouellet with a rebound.
16:45 of 2nd period - Snap shot by Thomas Hickey.
16:45 of 2nd period - Shot Blocked by Eric Gryba.
16:47 of 2nd period - Snap shot by Nazem Kadri.
16:47 of 2nd period - Shot Blocked by Eric Gryba.
16:49 of 2nd period - Wrist shot by Nick Bonino.
16:49 of 2nd period - Shot Misses the Net.
16:51 of 2nd period - Slapshot by Nick Bonino.
16:51 of 2nd period - Stopped by Maxime Ouellet without a rebound.
16:52 of 2nd period - Denis Shvidki wins face-off versus Nazem Kadri in Scraper zone.
17:23 of 2nd period - Snap shot by Matt Donovan.
17:23 of 2nd period - Shot Misses the Net.
17:53 of 2nd period - Riley Armstrong is hit by Drayson Bowman and loses puck.
18:39 of 2nd period - Penalty to Rick Schofield is over, Rick Schofield is back on ice.
18:55 of 2nd period - Snap shot by Jesse Winchester.
18:55 of 2nd period - Stopped by Maxime Ouellet with a rebound.
19:20 of 2nd period - Minor Penalty to Arturs Kulda for Holding.
19:21 of 2nd period - Ben Eager wins face-off versus Jesse Winchester in Wiprows zone.
19:50 of 2nd period - Alec Martinez is hit by Eric Godard and loses puck.
Goals for this period are 3 for Scraper vs 0 for Wiprows.
Shots for this period are 8 for Scraper vs 6 for Wiprows.
3rd period
0:01 of 3rd period - Riley Armstrong wins face-off versus Jesse Winchester in neutral zone.
0:06 of 3rd period - Wrist shot by Denis Shvidki.
0:06 of 3rd period - Shot Misses the Net.
1:20 of 3rd period - Penalty to Arturs Kulda is over, Arturs Kulda is back on ice.
1:26 of 3rd period - Nazem Kadri is hit by Derek Joslin and loses puck.
1:33 of 3rd period - Evander Kane is hit by Nazem Kadri and loses puck.
3:15 of 3rd period - Daniel Winnik is hit by Jordan Szwarz and loses puck.
3:49 of 3rd period - Slapshot by Arturs Kulda.
3:49 of 3rd period - Stopped by Maxime Ouellet without a rebound.
3:50 of 3rd period - Brayden Schenn wins face-off versus Nick Bonino in Scraper zone.
4:28 of 3rd period - Slapshot by Eric Godard.
4:28 of 3rd period - Shot Misses the Net.
4:34 of 3rd period - Snap shot by Eric Godard.
4:34 of 3rd period - Stopped by Braden Holtby with a rebound.
4:48 of 3rd period - Eric Gryba is hit by Jonathan Tremblay and loses puck.
4:50 of 3rd period - Eric Gryba beats up Jesse Winchester.
4:50 of 3rd period - Penalty to Jesse Winchester for Fighting.
4:50 of 3rd period - Penalty to Eric Gryba for Fighting.
4:51 of 3rd period - Nazem Kadri wins face-off versus Riley Armstrong in Scraper zone.
4:52 of 3rd period - Wrist shot by T.J. Oshie.
4:52 of 3rd period - Shot Blocked by Derek Joslin.
4:54 of 3rd period - Slapshot by Matt Taormina.
4:54 of 3rd period - Deflect By T.J. Oshie.
4:54 of 3rd period - Shot Blocked by Derek Joslin.
4:54 of 3rd period - Puck is out of play.
4:55 of 3rd period - Nazem Kadri wins face-off versus Ben Eager in Scraper zone.
4:58 of 3rd period - Slapshot by T.J. Oshie.
4:58 of 3rd period - Goal by T.J. Oshie - Scraper : 4 - Wiprows : 1.
4:59 of 3rd period - Nazem Kadri wins face-off versus Riley Armstrong in neutral zone.
5:08 of 3rd period - Wrist shot by Riley Armstrong.
5:08 of 3rd period - Shot Misses the Net.
5:10 of 3rd period - Wrist shot by Riley Armstrong.
5:10 of 3rd period - Deflect By Denis Shvidki.
5:10 of 3rd period - Stopped by Braden Holtby without a rebound.
5:11 of 3rd period - Riley Armstrong wins face-off versus Nazem Kadri in Wiprows zone.
5:36 of 3rd period - Rick Schofield is hit by Linden Vey and loses puck.
6:14 of 3rd period - Snap shot by Ryan O'Reilly.
6:14 of 3rd period - Stopped by Braden Holtby without a rebound.
6:15 of 3rd period - Riley Armstrong wins face-off versus Nazem Kadri in Wiprows zone.
6:16 of 3rd period - Snap shot by Denis Shvidki.
6:16 of 3rd period - Stopped by Braden Holtby with a rebound.
6:28 of 3rd period - Slapshot by Denis Shvidki.
6:28 of 3rd period - Stopped by Braden Holtby without a rebound.
6:29 of 3rd period - Nick Bonino wins face-off versus Riley Armstrong in Wiprows zone.
6:56 of 3rd period - Derek Joslin is hit by Brandon Bollig.
7:04 of 3rd period - Slapshot by Thomas Hickey.
7:04 of 3rd period - Shot Blocked by Daniel Winnik.
7:22 of 3rd period - Snap shot by Thomas Hickey.
7:22 of 3rd period - Shot Blocked by Jared Cowen.
7:24 of 3rd period - Slapshot by Kevin Connauton.
7:24 of 3rd period - Stopped by Maxime Ouellet without a rebound.
7:25 of 3rd period - Nazem Kadri wins face-off versus Riley Armstrong in Scraper zone.
7:32 of 3rd period - Arturs Kulda is hit by Riley Armstrong and loses puck.
7:53 of 3rd period - Snap shot by Rick Schofield.
7:53 of 3rd period - Goal by Rick Schofield - Scraper : 5 - Wiprows : 1.
7:53 of 3rd period - Thomas McCollum enters game.
7:54 of 3rd period - Riley Armstrong wins face-off versus Nazem Kadri in neutral zone.
7:57 of 3rd period - Backhand shot by Brendan Smith.
7:57 of 3rd period - Deflect By Denis Shvidki.
7:57 of 3rd period - Stopped by Thomas McCollum without a rebound.
7:58 of 3rd period - Riley Armstrong wins face-off versus Nazem Kadri in Wiprows zone.
8:55 of 3rd period - Reilly Smith is hit by Arturs Kulda.
9:19 of 3rd period - Nazem Kadri is hit by Ilkka Heikkinen and loses puck.
9:52 of 3rd period - Slapshot by T.J. Oshie.
9:52 of 3rd period - Stopped by Maxime Ouellet without a rebound.
9:53 of 3rd period - Rick Schofield wins face-off versus Nick Bonino in Scraper zone.
9:53 of 3rd period - Rick Schofield is hit by Linden Vey.
9:56 of 3rd period - Eric Godard beats up T.J. Oshie.
9:56 of 3rd period - Penalty to T.J. Oshie for Fighting.
9:56 of 3rd period - Penalty to Eric Godard for Fighting.
9:57 of 3rd period - Nazem Kadri wins face-off versus Riley Armstrong in neutral zone.
10:37 of 3rd period - Wrist shot by Evander Kane.
10:37 of 3rd period - Stopped by Thomas McCollum with a rebound.
10:59 of 3rd period - Slapshot by Thomas Hickey.
10:59 of 3rd period - Stopped by Maxime Ouellet with a rebound.
11:01 of 3rd period - Wrist shot by Nick Bonino.
11:01 of 3rd period - Goal by Nick Bonino - Scraper : 5 - Wiprows : 2.
11:02 of 3rd period - Nazem Kadri wins face-off versus Riley Armstrong in neutral zone.
11:27 of 3rd period - Daniel Winnik is hit by Linden Vey.
13:46 of 3rd period - Wrist shot by Valeri Bure.
13:46 of 3rd period - Shot Blocked by Drayson Bowman.
14:04 of 3rd period - Snap shot by Brendan Smith.
14:04 of 3rd period - Stopped by Thomas McCollum with a rebound.
15:26 of 3rd period - Riley Armstrong is hit by Matt Taormina and loses puck.
16:16 of 3rd period - Drayson Bowman is hit by Eric Knodel.
16:48 of 3rd period - Backhand shot by Eric Godard.
16:48 of 3rd period - Goal by Eric Godard - Scraper : 6 - Wiprows : 2.
16:49 of 3rd period - Riley Armstrong wins face-off versus Nazem Kadri in neutral zone.
16:56 of 3rd period - Snap shot by Denis Shvidki.
16:56 of 3rd period - Shot Misses the Net.
17:39 of 3rd period - Evander Kane is hit by Maxime Macenauer and loses puck.
17:44 of 3rd period - Slapshot by Thomas Hickey.
17:44 of 3rd period - Shot Blocked by Evander Kane.
17:46 of 3rd period - Snap shot by Thomas Hickey.
17:46 of 3rd period - Deflect By Matt Beleskey.
17:46 of 3rd period - Shot Blocked by Valeri Bure.
17:46 of 3rd period - Puck is out of play.
17:47 of 3rd period - Riley Armstrong wins face-off versus Nazem Kadri in Scraper zone.
18:12 of 3rd period - Eric Gryba is hit by Linden Vey and loses puck.
18:57 of 3rd period - Minor Penalty to Marcus Foligno for Tripping.
18:58 of 3rd period - Denis Shvidki wins face-off versus Nazem Kadri in Scraper zone.
19:06 of 3rd period - Slapshot by Matt Taormina.
19:06 of 3rd period - Goal by Matt Taormina - Scraper : 6 - Wiprows : 3.
19:07 of 3rd period - Nazem Kadri wins face-off versus Riley Armstrong in neutral zone.
19:10 of 3rd period - Riley Armstrong is hit by Alec Martinez and loses puck.
Goals for this period are 2 for Scraper vs 3 for Wiprows.
Shots for this period are 10 for Scraper vs 7 for Wiprows.
Output by the SimonT Hockey Simulator (STHS) for François Prévost -- Original Page W3C XHTML 1.0 Valid